 Dungeon Crawl Stone Soup version 0.30-a0-639-g3916f1956a (webtiles) character file.

Game seed: 15403631798409506802

159 ryw the Cudgeller (level 5, 0/48 HPs)
             Began as an Armataur Gladiator on Jan 15, 2023.
             Succumbed to a scorpion's poison
             ... on level 4 of the Dungeon.
             The game lasted 00:05:17 (2605 turns).

ryw the Cudgeller (Armataur Gladiator)              Turns: 2605, Time: 00:05:18

Health: 0/48       AC:  7    Str: 19 (21) XL:     5   Next: 17%
Magic:  5/5        EV:  9    Int:  4 (8)  God:
Gold:   187        SH:  0    Dex: 10 (12) Spells: 4/4 levels left

rFire   . . .      SeeInvis .    a - +0 flail
rCold   . . .      Faith    .    (no shield)
rNeg    + . .      Spirit   .    v - +0 ring mail
rPois   .          Reflect  .    c - +1 helmet
rElec   .          Harm     .    (no cloak)
rCorr   .          Roll     +    (no gloves)
Will    .....                    (no barding) Stlth
                                 (no amulet)
HPRegen 0.28/turn                g - ring of positive energy
MPRegen 0.09/turn                (no ring)

@: lethally poisoned (0 -> -10), attractive
A: large, rugged brown scales 3, deformed body, armoured tail, roll, long
tongue, awkward tongue
a: no special abilities


You were on level 4 of the Dungeon.
You visited 1 branch of the dungeon, and saw 4 of its levels.

You collected 187 gold pieces.

Inventory:

Hand Weapons
 a - a +0 flail (weapon)
Missiles
 d - 2 throwing nets (quivered)
 i - 2 poisoned darts
 n - 5 boomerangs
Armour
 c - a +1 helmet (worn)
 v - a +0 ring mail (worn)
Jewellery
 g - a ring of positive energy (left hand)
Wands
 e - a wand of flame (16)
 k - a wand of roots (7)
Scrolls
 j - 6 scrolls of identify
 m - a scroll of teleportation
 o - a scroll of brand weapon {unknown}
 p - a scroll of fog
 r - a scroll of magic mapping
 t - a scroll of poison {unknown}
Potions
 b - a potion of curing {unknown}
 h - a potion of invisibility {unknown}
 l - a potion of attraction
 q - a potion of might {unknown}
 s - a potion of degeneration
 u - a potion of magic {unknown}


   Skills:
 + Level 3.1 Fighting
 + Level 3.8 Maces & Flails
 - Level 1.7 Throwing
 + Level 0.4 Armour
 + Level 3.1 Dodging


You had 4 spell levels left.
You didn't know any spells.
Your spell library was empty.

Dungeon Overview and Level Annotations

Branches:
Dungeon (4/15)             Temple (0/1) D:4

Altars:

Annotations:
D:3 2 runed translucent doors, wormed's ghost, amateur TrGl


Innate Abilities, Weirdness & Mutations

You are completely covered in rugged brown scales. (AC +3, +7% HP)
Armour fits poorly on your strangely shaped body.
You have a long armoured tail.
You roll when moving toward enemies. (Rampage)
Your long tongue fully drains potion bottles. (2x potion effects)
Your tongue gives you trouble enunciating. (1.5x scroll delay)


Message History

The scorpion stings you but does no damage.
You barely miss the scorpion. The scorpion stings you.
The scorpion barely misses you.
You hit the scorpion.
The scorpion is lightly wounded.
The scorpion stings you but does no damage.
You hit the scorpion.
The scorpion is moderately wounded.
The scorpion stings you but does no damage.
The scorpion stings you.
You hit the scorpion.
Your tail-slap misses the scorpion.
The scorpion is moderately wounded.
The scorpion stings you.
You are poisoned.
The scorpion poisons you!
You closely miss the scorpion.
You tail-slap the scorpion, but do no damage.
The scorpion is moderately wounded.
You feel very sick. The scorpion stings you.
You are lethally poisoned!
The scorpion poisons you!
The scorpion stings you but does no damage.
You closely miss the scorpion.
The scorpion is moderately wounded.
* * * LOW HITPOINT WARNING * * *
You feel very sick. The scorpion stings you.
* * * LOW HITPOINT WARNING * * *
You slurp down every last drop of the 2 bubbling sapphire potions!
It was a potion of attraction.
You feel attractive to monsters.
* * * LOW HITPOINT WARNING * * *
You feel very sick. The scorpion barely misses you.
You slurp down every last drop of the 2 fuming orange potions!
It was a potion of degeneration.
There was something very wrong with that liquid.
You feel weakened.
You feel dopey.
You feel clumsy.
You die...

. #.......# #.
#......$# .?
#.......# .#
.##.......# ...
.#.......# #...#
.(......## .#
......#...........
..>...s@#........#
......#...### ..#
#...#.......###..###
.......#..#........
.#.#....#.....#..##
......###....#..#
.#.....#........# #.
...##...#.......# #.
###
#......#.#######.##


You could see a scorpion.

Vanquished Creatures
  Natasha (thrice) (D:2)
  2 adders
  A worm (D:3)
  A dart slug (D:3)
  3 orcs (D:4)
  5 ball pythons
  4 bats
  4 endoplasms
  3 giant cockroaches (D:1)
  5 hobgoblins
  3 jackals (D:1)
  4 quokkas
  4 frilled lizards
  4 goblins
  6 kobolds
  8 rats
  A bush (D:2)
61 creatures vanquished.

Vanquished Creatures (others)
  2 plants (D:2)
2 creatures vanquished.

Grand Total: 63 creatures vanquished

Notes
Turn   | Place    | Note
-------+----------+-------------------------------------------
     0 | D:1      | ryw the Armataur Gladiator began the quest for the Orb.
     0 | D:1      | Reached XP level 1. HP: 18/18 MP: 1/1
   186 | D:1      | Reached XP level 2. HP: 21/25 MP: 2/2
   959 | D:2      | Noticed Natasha
   968 | D:2      | Noticed a crimson imp
   970 | D:2      | Killed Natasha
   971 | D:2      | Reached XP level 3. HP: 15/32 MP: 3/3
  1276 | D:2      | Reached XP level 4. HP: 39/39 MP: 4/4
  1320 | D:2      | Noticed Natasha
  1330 | D:2      | Killed Natasha
  1389 | D:2      | Noticed Natasha
  1397 | D:2      | Killed Natasha
  1805 | D:3      | Found a runed translucent door.
  1808 | D:3      | Noticed wormed's ghost (amateur TrGl)
  1974 | D:3      | Reached XP level 5. HP: 47/48 MP: 5/5
  2074 | D:3      | Found a faded altar of an unknown god.
  2323 | D:3      | Found a runed translucent door.
  2590 | D:4      | Found a staircase to the Ecumenical Temple.
  2605 | D:4      | Succumbed to a scorpion's poison

Illustrated notes

Levels and vault maps discovered:
D:1:      minmay_arrival_loop, layout_basic, nrook_mini_vaults
D:2:      layout_rooms, serial_forest, infiniplex_forest_clump_C,
          infiniplex_forest_straight_4, infiniplex_forest_clump_long,
          infiniplex_forest_straight_2, infiniplex_forest_lined_ring,
          infiniplex_forest_end_3, infiniplex_forest_diagonal,
          infiniplex_forest_end_2, nicolae_concentric_dashed_squares_mild,
          uniq_natasha
D:3:      layout_loops_cross, ebering_ecumenical_altar_sacrificial,
          ebering_ghost_sewer_f
D:4:      layout_loops_cross, minmay_temple_entry_sparse_star, dk_noncrumbling_3

Skill      XL: |  1  2  3  4 |
---------------+-------------+-----
Fighting       | 2 3 |  3.1
Maces & Flails | 3 |  3.8
Dodging        | 3 |  3.1
Throwing       | |  1.7
Armour         | |  0.4

Action                   |  1- 3 |  4- 6 || total
-------------------------+-------+-------++-------
Melee: Flail             |    89 |   145 ||   234
       Tailslap          |     4 |    27 ||    31
       Punch             |     1 |     2 ||     3
Throw: Throwing net      |     2 |     2 ||     4
       Javelin           |       |     1 ||     1
  Use: Scroll            |     6 |       ||     6
       Potion            |       |     2 ||     2
 Stab: Held in net/web   |     1 |       ||     1
Armor: Leather armour    |    36 |    10 ||    46
       Ring mail         |       |    19 ||    19
Dodge: Dodged            |    60 |    35 ||    95

Table legend: (Time is in decaauts)
 A = Elapsed time spent in this place.
 B = Non-inter-level travel time spent in this place.
 C = Inter-level travel time spent in this place.
 D = Time resting spent in this place.
 E = Time spent auto-exploring this place.
 F = Levels seen in this place.
 G = Mean time per level.
                   A        B        C        D        E       F      G
               +--------+--------+--------+--------+--------+-----+--------+
         Total |   2666 |   2566 |    100 |    132 |   1826 |   4 |  666.5 |
       Dungeon |   2666 |   2566 |    100 |    132 |   1826 |   4 |  666.5 |
               +--------+--------+--------+--------+--------+-----+--------+

Top non-repeatable levels by time:
     D:1: 1023 daAuts
     D:2: 812 daAuts
     D:3: 704 daAuts
     D:4: 127 daAuts
